 Dungeon Crawl Stone Soup version 0.20.1-1-g8b1a95d (webtiles) character file.

10760 manon the Severer (level 11, -10/94 (95) HPs)
             Began as a Minotaur Berserker on July 30, 2017.
             Was a High Priest of Trog.
             Mangled by a two-headed ogre
             ... wielding a +0 giant spiked club
              (19 damage)
             ... on level 11 of the Dungeon on July 31, 2017.
             The game lasted 00:49:12 (8719 turns).

manon the Severer (Minotaur Berserker)              Turns: 8719, Time: 00:49:12

HP:   -10/94 (95)   AC: 16    Str: 22    XL:     11   Next: 40%
MP:   10/10         EV:  7    Int:  7    God:    Trog [*****.]
Gold: 370           SH:  0    Dex: 12    Spells: 10/10 levels left

rFire    . . .     SeeInvis .   a - +0 battleaxe
rCold    . . .     Gourm    .   (shield currently unavailable)
rNeg     . . .     Faith    .   p - +0 plate armour
rPois    .         Spirit   .   (helmet restricted)
rElec    .         Reflect  .   j - +0 cloak
rCorr    .         Harm     .   X - +0 pair of gloves
MR       .....                  (no boots)
Stlth    ..........             (no amulet)
Regen    0.3/turn               h - +2 ring of dexterity
MPRegen  0.2/turn               (no ring)

@: no status effects
A: retaliatory headbutt, horns 2
a: Berserk, Trog's Hand, Brothers in Arms, Burn Spellbooks, Renounce Religion


You were on level 11 of the Dungeon.
You worshipped Trog.
Trog was extremely pleased with you.
You were not hungry.

You visited 1 branch of the dungeon, and saw 11 of its levels.
You also visited: Ossuary and Bailey.

You collected 370 gold pieces.

Inventory:

Hand Weapons
 a - a +0 battleaxe (weapon)
 e - a +0 shortbow
 B - a +2 dire flail of freezing
 I - a +0 dagger of chaos
 Y - a +0 war axe
Missiles
 l - 279 arrows
 y - 73 bolts
 G - a throwing net (quivered)
 H - 5 tomahawks
Armour
 j - a +0 cloak (worn)
 p - a +0 plate armour (worn)
 s - a +3 chain mail of fire resistance
 D - +2 fire dragon scales
 X - a +0 pair of gloves (worn)
Jewellery
 h - a +2 ring of dexterity (left hand)
 R - an uncursed ring of ice
Wands
 r - a wand of random effects (28/48)
 v - a wand of iceblast (9/15)
 w - a wand of disintegration (12/24)
 P - a wand of scattershot (4/9)
 V - a wand of iceblast (5/15)
Scrolls
 b - 4 scrolls of teleportation
 f - a scroll of enchant weapon {unknown}
 g - 4 scrolls of enchant armour
 i - 2 scrolls of identify
 m - 2 scrolls of amnesia {unknown}
 n - a scroll of immolation {unknown}
 q - 5 scrolls of recharging
 t - 2 scrolls of fog {unknown}
 u - 3 scrolls of fear {unknown}
 x - 2 scrolls of vulnerability {unknown}
 E - 4 scrolls of remove curse
 K - 4 scrolls of holy word
 N - a scroll of random uselessness {unknown}
 Q - a scroll of brand weapon {unknown}
 T - a scroll of summoning {unknown}
Potions
 d - 2 potions of magic
 k - a potion of might
 z - 5 potions of curing
 A - a potion of invisibility {unknown}
 F - a potion of heal wounds {unknown}
 J - a potion of lignification {unknown}
 L - 2 potions of ambrosia
 M - a potion of mutation {unknown}
 O - 2 potions of haste
 U - a potion of flight {unknown}
 W - a potion of brilliance {unknown}
Books
 S - a book of Power

   Spells                             Type                      Level
   a - Iskenderun's Battlesphere      Conjuration/Charms           5
   b - Venom Bolt                     Conjuration/Poison           5
   c - Bolt of Magma                  Conjuration/Fire/Earth       5
   d - Iron Shot                      Conjuration/Earth            6
   e - Orb of Destruction             Conjuration                  7
   f - Spellforged Servitor           Conjuration/Summoning        7
   Trog disapproves of the use of such an item.
Comestibles
 c - 10 bread rations
 o - 6 fruits
 C - a meat ration


   Skills:
 + Level 8.9 Fighting
 * Level 17.4 Axes
 + Level 8.2 Armour
 - Level 2.1 Dodging


You had 10 spell levels left.
You didn't know any spells.

Dungeon Overview and Level Annotations

Branches:
Dungeon (11/15)            Temple (0/1) D:7            Lair (0/6) D:11
    Orc: D:9-12

Altars:
Cheibriados
Dithmenos
Fedhas
Hepliaklqana
Makhleb
Okawaru
Ru
Yredelemnul

Annotations:
D:3 Grinder
D:8 exclusions: ice statue and obsidian statue


Innate Abilities, Weirdness & Mutations

You reflexively headbutt those who attack you in melee.
You have a pair of horns on your head.


Message History

The two-headed ogre hits you with a giant spiked club!
The two-headed ogre hits you with a dire flail!
You hit the two-headed ogre but do no damage.
The two-headed ogre is lightly wounded.
You slice the two-headed ogre!!
The two-headed ogre is severely wounded.
The two-headed ogre hits you with a giant spiked club!!
The two-headed ogre barely misses you.
You are too injured to fight recklessly!
You are too injured to fight recklessly!
You hit the two-headed ogre.
The two-headed ogre is almost dead.
The two-headed ogre hits you with a giant spiked club!!
* * * LOW HITPOINT WARNING * * *
The two-headed ogre hits you with a dire flail.
* * * LOW HITPOINT WARNING * * *
You hit the two-headed ogre. You headbutt the two-headed ogre.
The two-headed ogre is almost dead.
The two-headed ogre hits you with a giant spiked club!!
You die...

######.#.÷.÷.....#
.......[.####.##.# .........#
#.##.###. ##
.........####.##.##.. #..
....................###..
...###....###)##........ ..
##.#.....# ##...#### .
#...#...#####.......
###@.......##....... ...
#...O................. ...
....###.#.......##...#.. ...
.. .....#.#.#......([. #.#
..#.#...#.##........ #.#
#....###...##........ #.#
###.....####..##.......# ##.#
##.........##(..........#
#..###........P..#..##........


You could see a two-headed ogre.

Vanquished Creatures
  A two-headed ogre (D:9)
  Pikel (D:6)
  A cyclops (D:10)
  An elephant (D:11)
  A hornet (D:10)
  Prince Ribbit (D:6)
  2 hippogriffs
  A spriggan (D:8)
  Sigmund (D:3)
  6 yaks (D:10)
  Eustachio (D:6)
  A basilisk (D:11)
  3 wraiths (D:11)
  3 hungry ghosts
  An acid dragon (D:11)
  A water moccasin (D:6)
  A slave (D:6)
  3 ice beasts
  3 sky beasts
  7 orc warriors
  3 necrophages
  A black bear (D:6)
  3 phantoms
  7 centaurs
  7 ogres
  A crocodile (D:11)
  A big kobold (D:6)
  2 bullfrogs
  3 scorpions (D:5)
  6 killer bees
  An electric eel (D:9)
  4 wights (D:6)
  A howler monkey (D:9)
  3 crimson imps (D:8)
  A centaur skeleton (D:8)
  A jelly (D:8)
  5 centaur zombies
  6 orc priests
  A gnoll shaman (D:6)
  4 hounds
  2 bullfrog skeletons
  7 orc wizards
  Terence (D:3)
  3 worker ants
  2 big kobold zombies (Ossuary)
  5 mummies (Ossuary)
  4 worker ant zombies
  9 adders
  3 gnolls (D:6)
  2 shadow imps (D:6)
  An ooze (D:3)
  A worm (D:5)
  2 dart slugs (D:1)
  3 leopard geckos
  37 orcs
  4 ball pythons
  3 giant cockroaches
  9 goblins
  4 hobgoblins
  9 jackals
  7 kobolds
  8 quokkas
  2 bats (D:1)
  4 frilled lizards
  A giant cockroach zombie (D:5)
  2 hobgoblin zombies (Ossuary)
  A quokka skeleton (D:5)
  A quokka zombie (D:5)
  9 rats
247 creatures vanquished.

Vanquished Creatures (collateral kills)
  Fannar (D:10)
  Psyche (D:8)
  An orc (D:8)
3 creatures vanquished.

Vanquished Creatures (others)
  A slave (D:6)
  A wight (D:6)
  An adder (D:6)
  A shadow imp (D:6)
  An orc (D:6)
  A kobold (D:6)
6 creatures vanquished.

Grand Total: 256 creatures vanquished

Notes
Turn   | Place    | Note
-------+----------+-------------------------------------------
     0 | D:1      | manon the Minotaur Berserker began the quest for the Orb.
     0 | D:1      | Reached XP level 1. HP: 19/19 MP: 0/0
    83 | D:1      | Reached skill level 4 in Axes
   160 | D:1      | Reached XP level 2. HP: 14/26 MP: 1/1
   424 | D:1      | Reached skill level 5 in Axes
   654 | D:2      | Reached XP level 3. HP: 31/31 MP: 2/2
   990 | D:2      | Found a burning altar of Makhleb.
  1074 | D:3      | Reached ** piety under Trog
  1158 | D:3      | Noticed Sigmund
  1166 | D:3      | Killed Sigmund
  1166 | D:3      | Reached skill level 7 in Axes
  1166 | D:3      | Reached XP level 4. HP: 39/39 MP: 3/3
  1166 | D:3      | Reached XP level 5. HP: 45/45 MP: 4/4
  1194 | D:3      | Noticed Terence
  1211 | D:3      | Killed Terence
  1270 | D:3      | Noticed Grinder
  1271 | D:3      | Paralysed by Grinder for 2 turns
  1279 | D:4      | Reached skill level 8 in Axes
  1305 | D:4      | Reached XP level 6. HP: 49/51 MP: 5/5
  1611 | D:4      | Reached skill level 9 in Axes
  1652 | D:5      | Entered Level 5 of the Dungeon
  1874 | D:5      | Reached XP level 7. HP: 55/57 MP: 6/6
  1988 | D:5      | Reached skill level 10 in Axes
  2066 | D:5      | Found a shadowy altar of Dithmenos.
  2111 | D:5      | Reached *** piety under Trog
  2234 | D:5      | Found a hazy altar of Hepliaklqana.
  2516 | D:6      | Noticed Pikel
  2548 | D:6      | Killed Pikel
  2548 | D:6      | Reached skill level 12 in Axes
  2548 | D:6      | Reached XP level 8. HP: 61/64 MP: 7/7
  2670 | D:6      | Noticed Eustachio
  2694 | D:6      | Killed Eustachio
  2708 | D:6      | Reached skill level 13 in Axes
  2969 | D:6      | Noticed Prince Ribbit
  2982 | D:6      | Killed Prince Ribbit
  2982 | D:6      | Reached skill level 14 in Axes
  2982 | D:6      | Reached XP level 9. HP: 25/70 MP: 8/8
  3471 | D:6      | Found a shadowy altar of Dithmenos.
  3590 | D:7      | Found a basalt altar of Yredelemnul.
  3612 | D:7      | Found a staircase to the Ecumenical Temple.
  3807 | D:7      | Found a snail-covered altar of Cheibriados.
  3807 | D:7      | Found a sacrificial altar of Ru.
  3825 | D:7      | Reached skill level 15 in Axes
  3900 | D:7      | Found a flagged portal.
  3901 | D:7      | Reached **** piety under Trog
  3912 | Bailey   | Entered a bailey
  4188 | Bailey   | Noticed an orc knight
  4188 | Bailey   | Noticed an orc knight
  4188 | Bailey   | Noticed an orc knight
  4972 | D:8      | Noticed an obsidian statue
  4984 | D:8      | Reached skill level 16 in Axes
  5038 | D:8      | Noticed Psyche
  5052 | D:8      | Killed Psyche
  5110 | D:8      | Reached XP level 10. HP: 51/79 MP: 9/9
  5153 | D:8      | Found a sand-covered staircase.
  5272 | Ossuary  | Entered an ossuary
  5468 | D:8      | Reached skill level 5 in Fighting
  5665 | D:8      | Reached ***** piety under Trog
  5738 | D:8      | Noticed an ice statue
  6383 | D:9      | Reached skill level 5 in Armour
  6474 | D:9      | Found an iron altar of Okawaru.
  6572 | D:9      | Noticed a two-headed ogre
  6580 | D:9      | Killed a two-headed ogre
  6858 | D:10     | Entered Level 10 of the Dungeon
  6956 | D:10     | Found a blossoming altar of Fedhas.
  7407 | D:10     | Reached skill level 17 in Axes
  7407 | D:10     | Reached XP level 11. HP: 93/93 MP: 10/10
  7452 | D:10     | Noticed Fannar
  7458 | D:10     | Killed Fannar
  8266 | D:11     | Found a staircase to the Lair.
  8712 | D:11     | Noticed a two-headed ogre
  8719 | D:11     | Mangled by a two-headed ogre

Skill      XL: |  1  2  3  4  5  6  7  8  9 10 11 |
---------------+----------------------------------+-----
Axes           | 4 5 7 8 9 12 14 16 17 | 17.4
Fighting       | 4 7 8 |  8.9
Armour         | 3 6 8 |  8.2
Dodging        | |  2.1

Action                   |  1- 3 |  4- 6 |  7- 9 | 10-12 || total
-------------------------+-------+-------+-------+-------++-------
Melee: Hand axe          |    80 |    76 |   133 |       ||   289
       Headbutt          |    12 |    15 |    64 |    73 ||   164
       War axe           |       |       |   165 |   334 ||   499
       Battleaxe         |       |       |       |    15 ||    15
 Fire: Shortbow          |       |       |     1 |       ||     1
Invok: Berserk           |     2 |     1 |     3 |     4 ||    10
       Trog's Hand       |     1 |       |       |       ||     1
       Brothers in Arms  |       |       |     1 |     2 ||     3
  Use: Scroll            |       |     1 |     5 |     5 ||    11
 Stab: Held in net/web   |       |       |       |     2 ||     2
  Eat: Fruit             |     2 |     1 |     1 |     3 ||     7
       Chunk             |       |     3 |    11 |    10 ||    24
       Royal jelly       |       |       |     2 |     2 ||     4
       Meat ration       |       |       |       |     1 ||     1
Armor: Animal skin       |     5 |       |       |       ||     5
       Ring mail         |     6 |     6 |       |       ||    12
       Chain mail        |       |    19 |   118 |    75 ||   212
       Plate armour      |       |       |       |    66 ||    66
Dodge: Dodged            |    47 |    27 |    93 |    91 ||   258
